 Dungeon Crawl Stone Soup version 0.27.0-1-g7a08968 (webtiles) character file.

Game seed: 15759646890505255626

76 BALLS the Slasher (level 4, -1/23 HPs)
             Began as a Vine Stalker Fighter on Jan 20, 2022.
             Slain by a gnoll (6 damage)
             ... on level 3 of the Dungeon.
             The game lasted 00:03:36 (1951 turns).

BALLS the Slasher (Vine Stalker Fighter)            Turns: 1951, Time: 00:03:36

Health: -1/23      AC:  6    Str: 19    XL:     4   Next: 32%
Magic:  0/5        EV:  7    Int:  8    God:
Gold:   83         SH:  9    Dex: 14    Spells: 3/3 levels left

rFire    . . .     SeeInvis .   a - +0 long sword
rCold    . . .     Faith    .   c - +0 kite shield
rNeg     . . .     Spirit   +   b - +0 scale mail
rPois    .         Reflect  .   (no helmet)
rElec    .         Harm     .   (no cloak)
rCorr    .         Rampage  .   (no gloves)
Will     .....                  (no boots)
Stlth    ..........             (no amulet)
HPRegen  1.07/turn              (no ring)
MPRegen  0.09/turn              (no ring)

@: no status effects
A: fangs 2, regeneration 1, magic shield, antimagic bite, no potion heal 2
a: no special abilities


You were on level 3 of the Dungeon.
You visited 1 branch of the dungeon, and saw 3 of its levels.

You collected 83 gold pieces.

Inventory:

Hand Weapons
 a - a +0 long sword (weapon)
Armour
 b - a +0 scale mail (worn)
 c - a +0 kite shield (worn)
Scrolls
 e - a scroll of blinking {unknown}
 f - a scroll of amnesia {unknown}
 g - a scroll of acquirement {unknown}
 i - a scroll of enchant armour {unknown}
 j - a scroll of summoning {unknown}
 k - a scroll of identify {unknown}
 l - a scroll of teleportation {unknown}
Potions
 d - a potion of might
 h - a potion of lignification {unknown}


   Skills:
 - Level 2.6 Fighting
 + Level 4.0 Long Blades
 - Level 2.4 Armour
 - Level 2.6 Shields


You had 3 spell levels left.
You didn't know any spells.
Your spell library contained the following spells:

 Spells                   Type           Power      Damage    Failure   Level
 Blink                    Tloc           N/A        N/A       100%        2
 Lesser Beckoning         Tloc           0%         N/A       100%        3
 Ozocubu's Armour         Ice            0%         N/A       100%        3
 Manifold Assault         Tloc           0%         N/A       100%        5
 Metabolic Englaciation   Hex/Ice        0%         N/A       100%        5
 Simulacrum               Ice/Necr       0%         N/A       100%        6


Dungeon Overview and Level Annotations

Branches:
Dungeon (3/15)

Altars:
Xom


Innate Abilities, Weirdness & Mutations

You have extremely sharp teeth.
Your natural rate of healing is unusually fast.
When hurt, damage is shared between your health and your magic reserves.
Your bite disrupts and absorbs the magic of your enemies.
Potions cannot restore your health.


Message History

The gnoll is heavily wounded.
You block the gnoll's attack.
A gnoll comes into view. It is wielding a +1 spear of freezing.
The gnoll hits you with a +0 whip.
You barely miss the gnoll. Your bite misses the gnoll.
The gnoll is heavily wounded.
The gnoll hits you with a +0 whip.
You hit the gnoll. You bite the gnoll. You drain its power.
You feel invigorated.
The gnoll is almost dead.
The gnoll closely misses you. The gnoll barely misses you.
You riposte.
You barely miss the gnoll. You bite the gnoll.
You kill the gnoll!
You block the gnoll's attack.
Your Long Blades skill increases to level 4!
The gnoll hits you with a +1 spear of freezing.
The gnoll freezes you.
You barely miss the gnoll. You bite the gnoll. You drain its power.
The gnoll is lightly wounded.
The gnoll hits you with a +1 spear of freezing.
The gnoll freezes you.
You barely miss the gnoll. Your bite misses the gnoll.
The gnoll is lightly wounded.
The gnoll hits you with a +1 spear of freezing.
The gnoll freezes you. You block the gnoll's attack.
You hit the gnoll but do no damage. Your bite misses the gnoll.
The gnoll is lightly wounded.
The gnoll hits you with a +1 spear of freezing.
The gnoll freezes you.
You barely miss the gnoll. You bite the gnoll, but do no damage.
The gnoll is lightly wounded.
The gnoll hits you with a +1 spear of freezing!
* * * LOW HITPOINT WARNING * * *
The gnoll freezes you.
* * * LOW HITPOINT WARNING * * *
Your shield prevents you from hitting the gnoll.
You bite the gnoll, but do no damage.
The gnoll is lightly wounded.
The gnoll hits you with a +1 spear of freezing!
You die...

.# ##.## #....##
.##########...#####.######
...........>(............#
#####.##.#...........###.#
# ###+##'##+#######..# #.#
###.....#.....# ##..# #.#
..#.....#.....####...###.##
#.'##'##'##+##+.#.....#<..#
..#..#.....#..#.@.........#
#.#..#'###+#..#g##...##...#
#.#..#)....#[.#)#..#####.##
#.+..+.._..'..†.#..# #.#
#.#..#.....#..#...P# #.#
#.#..#+###+#..#....+ #.#
..#..# #..#.#.P# #.#
+##+.#..# #.. #....#


You could see a gnoll.

Vanquished Creatures
  A gnoll (D:3)
  An adder (D:2)
  A worm (D:2)
  An orc (D:2)
  7 bats
  5 endoplasms
  A giant cockroach (D:2)
  4 goblins
  2 hobgoblins
  11 jackals (D:1)
  A quokka (D:1)
  4 ball pythons
  2 frilled lizards (D:1)
  A kobold (D:1)
  8 rats
50 creatures vanquished.

Notes
Turn   | Place    | Note
-------+----------+-------------------------------------------
     0 | D:1      | BALLS the Vine Stalker Fighter began the quest for the Orb.
     0 | D:1      | Reached XP level 1. HP: 11/11 MP: 2/2
    21 | D:1      | Reached skill level 2 in Long Blades
   281 | D:1      | Reached XP level 2. HP: 16/16 MP: 3/3
   558 | D:1      | Reached skill level 3 in Long Blades
   604 | D:1      | Reached XP level 3. HP: 18/19 MP: 4/4
  1279 | D:2      | Found a faded altar of an unknown god.
  1551 | D:2      | Gained mutation: Your natural rate of healing is unusually
                  | fast. [Vine Stalker growth]
  1551 | D:2      | Reached XP level 4. HP: 23/23 MP: 5/5
  1858 | D:3      | Found a shimmering altar of Xom.
  1944 | D:3      | Reached skill level 4 in Long Blades
  1951 | D:3      | Slain by a gnoll

Illustrated notes

Levels and vault maps discovered:
D:1:      evilmike_arrival_crescent, layout_loops_ring, chequers_arboretum
D:2:      layout_loops_ring, ebering_ecumenical_altar_rust
D:3:      layout_loops_ring, mainiacjoe_overflow_24_doors,
          nicolae_dithmenos_shadow_blocks, serial_shops, nicolae_diamond_shop,
          cheibrodos_gnoll_hut, uniq_ijyb

Skill      XL: |  1  2  3  4 |
---------------+-------------+-----
Long Blades    | 2 3 4 |  4.0
Fighting       | |  2.6
Armour         | |  2.4
Shields        | |  2.6

Action                   |  1- 3 |  4- 6 || total
-------------------------+-------+-------++-------
Melee: Long sword        |    83 |    25 ||   108
       Bite              |    18 |     7 ||    25
Armor: Scale mail        |    56 |    13 ||    69
Dodge: Dodged            |    32 |     8 ||    40
Block: Kite shield       |    57 |    10 ||    67
       Rpst.: Long sword |     9 |     2 ||    11
